 Dungeon Crawl Stone Soup version 0.30.1-11-g7821555f0a (webtiles) character file.

Game seed: 16956946196767659321

154 comborobin the Chopper (level 5, -2/67 HPs)
             Began as a Hill Orc Delver on Dec 23, 2023.
             Slain by Duvessa
             ... wielding a +0 rapier
              (14 damage)
             ... on level 4 of the Dungeon.
             The game lasted 00:03:00 (1285 turns).

comborobin the Chopper (Hill Orc Delver)            Turns: 1285, Time: 00:03:01

Health: -2/67      AC: 22    Str: 17    XL:     5   Next: 35%
Magic:  4/4        EV:  2    Int: 10    God:
Gold:   45         SH:  0    Dex: 12    Spells: 4/4 levels left

rFire   . . .        q - +2 dagger (venom)
rCold   . . .        (no shield)
rNeg    . . .        p - melded +0 chain mail
rPois   +            (helmet currently unavailable)
rElec   .            (cloak currently unavailable)
rCorr   .            (gloves currently unavailable)
SInv    .            (boots currently unavailable)
Will    .....        (no amulet)
Stlth   ++           d - +4 ring of slaying
HPRegen 0.31/turn    o - +5 ring of evasion
MPRegen 0.09/turn

%: no passive effects
@: tree-form
A: stationary, stasis, torment immunity, boosted hp, (iridescent scales 1),
(cold resistance 1), deterioration 1, low MP 1
a: no special abilities


You were on level 4 of the Dungeon.
You were a tree.
You visited 2 branches of the dungeon, and saw 5 of its levels.

You collected 75 gold pieces.
You spent 30 gold pieces at shops.

Inventory:

Hand Weapons
 a - a +0 war axe
 q - a +2 dagger of venom (weapon)
Missiles
 m - 3 boomerangs (quivered)
 n - 6 curare-tipped darts
Armour
 b - a +0 leather armour
 f - a +0 ring mail
 p - a +0 chain mail (melded)
 v - a +2 robe of cold resistance
Jewellery
 d - a +4 ring of slaying (left branch)
 o - a +5 ring of evasion (right branch)
 t - a ring of magical power
Wands
 g - a wand of digging (3)
 s - a wand of flame (4)
 y - a wand of iceblast (3)
Scrolls
 c - a scroll of fog
 e - a scroll of brand weapon {unknown}
 h - 2 scrolls of identify {unknown}
 j - a scroll of enchant armour {unknown}
 l - a scroll of magic mapping
 r - 2 scrolls of blinking {unknown}
 w - a scroll of teleportation {unknown}
 x - a scroll of enchant weapon {unknown}
Potions
 i - a potion of lignification
 k - 3 potions of mutation
 u - 3 potions of flight


   Skills:
 - Level 3.6 Fighting
 + Level 7.1 Axes
 - Level 1.5 Dodging
 - Level 4.1 Stealth


You had 4 spell levels left.
You didn't know any spells.
Your spell library was empty.

Dungeon Overview and Level Annotations

Branches:
Dungeon (6/15)             Temple (1/1) D:5

Altars:
Dithmenos
Gozag
Hepliaklqana
Sif Muna
Trog
Wu Jian
The Shining One

Shops:
D:3 *(!(

Annotations:
D:4 Duvessa
D:5 Edmund


Innate Abilities, Weirdness & Mutations

You are a tree.
Your roots penetrate the ground, keeping you stationary.
You cannot be teleported.
You are immune to unholy pain and torment.
Your maximum health is greatly increased.
Your equipment is partially melded.
((You are partially covered in iridescent scales. (AC +2)))
((Your flesh is cold resistant. (rC+)))
Your body sometimes deteriorates upon taking damage.
Your magical capacity is low. (-10% MP)


Message History

You hit Duvessa.
Duvessa is poisoned.
Duvessa is heavily wounded.
Duvessa hits you with a +0 rapier!
A ball python comes into view.
Duvessa misses you.
You hit Duvessa but do no damage.
Duvessa is heavily wounded.
Duvessa hits you with a +0 rapier!
* * * LOW HITPOINT WARNING * * *
Okay, then.
Really quaff the potion of lignification?
You turn into a tree.
Your +0 chain mail melds into your body.
Your roots penetrate the ground.
Duvessa hits you but does no damage.
A kobold comes into view. It is wielding a +0 short sword.
Duvessa hits you with a +0 rapier.
* * * LOW HITPOINT WARNING * * *
It was a potion of mutation.
You feel extremely strange.
Iridescent scales grow over part of your body.
You feel yourself wasting away.
You feel less energetic.
You feel resistant to cold. Duvessa hits you but does no damage.
It was a potion of flight.
Your roots keep you in place.
Duvessa hits you with a +0 rapier.
* * * LOW HITPOINT WARNING * * *
The adder bites you but does no damage.
An adder comes into view.
Duvessa hits you but does no damage.
Okay, then.
The adder hisses angrily.
You hit Duvessa.
Duvessa looks as sick as possible!
Duvessa is heavily wounded.
A quokka comes into view.
Duvessa hits you but does no damage.
The hobgoblin hits you but does no damage.
Unknown command.
You hit Duvessa.
Duvessa is severely wounded.
Duvessa hits you with a +0 rapier!
You die...

###.##..### ##...#
#.# ... #....###.#
## .... #.....#..###
.##....
#..##......##.......
### ##......#.......
####...........
###.SS......
#.♣e....Sr
##gg...... #........
......... .....K...
#.........
#.........
##.....?.~


You could see Duvessa (berserk, extremely poisoned), 2 adders, a quokka, a
hobgoblin, a goblin, a ball python and a kobold.

Vanquished Creatures
  Dowan (D:4)
  A hound (D:3)
  Ijyb (D:4)
  2 adders (D:3)
  A worm (D:3)
  8 orcs (D:3)
  An endoplasm (D:4)
  2 hobgoblins
  3 kobolds
  A quokka (D:3)
  2 ball pythons (D:3)
  2 bats (D:3)
  A frilled lizard (D:3)
  A goblin (D:4)
  A rat (D:3)
28 creatures vanquished.

Vanquished Creatures (others)
  A ball python (D:4)
1 creature vanquished.

Grand Total: 29 creatures vanquished

Notes
Turn   | Place    | Note
-------+----------+-------------------------------------------
     0 | D:5      | comborobin the Hill Orc Delver began the quest for the Orb.
     0 | D:5      | Reached XP level 1. HP: 19/19 MP: 1/1
    15 | D:5      | Noticed a phantom
    26 | D:5      | Noticed Edmund
    48 | D:6      | Noticed a black bear
    76 | D:5      | Noticed an ogre
   192 | D:3      | Found Jagy's Weapon Boutique.
   193 | D:3      | Noticed a +0 quick blade
   193 | D:3      | Noticed a +0 rapier
   206 | D:3      | Reached skill level 3 in Axes
   287 | D:3      | Reached XP level 2. HP: 24/26 MP: 2/2
   312 | D:3      | Found Nym Uwau's Antique Weapon Shop.
   500 | D:3      | Found Voqiarad's Distillery.
   512 | D:3      | Bought a potion of lignification for 30 gold pieces
   593 | D:3      | Reached skill level 4 in Axes
   660 | D:3      | Reached XP level 3. HP: 26/31 MP: 3/3
   778 | D:3      | Found Zuepnam's Assorted Antiques.
   790 | D:3      | Reached skill level 5 in Axes
   843 | D:4      | Noticed Dowan
   872 | D:3      | Reached skill level 6 in Axes
   872 | D:3      | Reached XP level 4. HP: 20/39 MP: 4/4
   959 | D:4      | Killed Dowan
   960 | D:4      | Reached XP level 5. HP: 45/45 MP: 5/5
  1183 | D:5      | Found a staircase to the Ecumenical Temple.
  1192 | Temple   | Entered the Ecumenical Temple
  1234 | D:5      | Noticed an ice beast
  1253 | D:4      | Noticed Ijyb
  1256 | D:4      | Killed Ijyb
  1257 | D:4      | Reached skill level 7 in Axes
  1274 | D:4      | Noticed Duvessa
  1282 | D:4      | Gained mutation: You are partially covered in iridescent
                  | scales. (AC +2) [potion of mutation]
  1282 | D:4      | Gained mutation: Your body sometimes deteriorates upon
                  | taking damage. [potion of mutation]
  1282 | D:4      | Gained mutation: Your magical capacity is low. (-10% MP)
                  | [potion of mutation]
  1282 | D:4      | Gained mutation: Your flesh is cold resistant. (rC+)
                  | [potion of mutation]
  1285 | D:4      | Slain by Duvessa

Illustrated notes

Levels and vault maps discovered:
D:3:      layout_rooms, serial_shops, shop, nicolae_shop_mannequins,
          nicolae_lakefront_shop, nicolae_shop_tiny_glass
D:4:      layout_cave_pools, mainiacjoe_overflow_tiny_flanked, zin_academy,
          lemuel_round_altar, fedhas_ov_isle_minmay, uniq_ijyb, uniq_duvessa
D:5:      layout_loops_cross, kennysheep_vampire_church,
          nemelex_xobeh_ov_fountains_minmay, minmay_temple_entry_junction_2,
          uniq_edmund
D:6:      layout_loops_ring, uniq_pikel
Temple:   nicolae_temple_little_seven

Skill      XL: |  1  2  3  4  5 |
---------------+----------------+-----
Axes           | 3 4 6 7 |  7.1
Fighting       | |  3.6
Dodging        | |  1.5
Stealth        | |  4.1

Action                     |  1- 3 |  4- 6 || total
---------------------------+-------+-------++-------
  Melee: Hand axe          |    26 |       ||    26
         Dagger            |    37 |    19 ||    56
         War axe           |       |     3 ||     3
  Evoke: Wand              |       |     3 ||     3
    Use: Scroll            |     2 |       ||     2
         Potion            |     1 |     3 ||     4
   Stab: Sleeping          |     1 |       ||     1
 Armour: Leather armour    |     6 |       ||     6
         Chain mail        |    14 |     8 ||    22
         Skin              |       |     6 ||     6
  Dodge: Dodged            |    31 |    17 ||    48
